General information
			
			
        
        - name: BNet
 
        - type: Ladder team game (AT/RT)
 
        - host: Battle.net
 
        - saver: Dr.Khron
 
        
map: LostTemple 
        - players: 4
 
        - length: 20:47
 
        - speed: Fast
 - version: 1.22 W3XP
 - replay type:  Public
 
» download(89 KB)
Players
        team 1 (winner) 
              
              
1nvincible (
teal | 118 APM | 2447 actions | 20:42)
              
 5 Demon Hunter 
 3 Mana Burn
 2 Evasion
 4 Keeper of the Grove 
 2 Entangling Roots
 2 Thorns Aura
 
                » actions 
                
                | Assign group hotkey | 16 |  | 
| Build / train | 95 |  | 
| ESC pressed | 7 |  | 
| Enter build submenu | 21 |  | 
| Enter hero's abilities submenu | 9 |  | 
| Give item / drop item | 2 |  | 
| Right click | 1335 |  | 
| Select / deselect | 684 |  | 
| Select group hotkey | 206 |  | 
| Use ability | 72 |  | 
                2447 total
 » units 
                
                | Wisp | 35 |  | 
| Archer | 11 |  | 
| Hippogryph | 9 |  | 
                55 total
 » upgrades
                
                | Hippogryph Taming | 1 |  | 
| Strength of the Moon | 3 |  | 
| Moon Armor | 3 |  | 
| Strength of the Wild | 2 |  | 
| Reinforced Hides | 2 |  | 
| Ultravision | 2 |  | 
| Improved Bows | 1 |  | 
| Marksmanship | 1 |  | 
| Well Spring | 1 |  | 
| Druid of the Talon Training | 1 |  | 
| Sentinel | 1 |  | 
                18 total
 » buildings
                
                | Altar of Elders | 1 |  | 
| Moon Well | 8 |  | 
| Tree of Life | 4 |  | 
| Ancient of War | 5 |  | 
| Tree of Ages | 1 |  | 
| Ancient of Wind | 3 |  | 
| Hunter's Hall | 1 |  | 
| Tree of Eternity | 1 |  | 
| Chimaera Roost | 2 |  | 
                26 total
 » build order
                00:10 Altar of Elders
00:24 Moon Well
02:39 Tree of Life
03:17 Moon Well
03:55 Moon Well
04:08 Ancient of War
04:18 Ancient of War
04:22 Ancient of War
07:17 Tree of Ages
07:21 Ancient of War
07:22 Ancient of War
07:24 Moon Well
07:25 Moon Well
07:26 Moon Well
07:28 Moon Well
07:29 Moon Well
09:47 Ancient of Wind
09:48 Ancient of Wind
09:49 Ancient of Wind
12:18 Hunter's Hall
14:51 Tree of Eternity
15:34 Tree of Life
17:20 Chimaera Roost
17:23 Chimaera Roost
18:29 Tree of Life
18:48 Tree of Life
» items
                
                | Scroll of Town Portal | 2 |  | 
| Scroll of Healing | 2 |  | 
| Scroll of Protection | 1 |  | 
| Periapt of Vitality | 1 |  | 
                6 total
  
               
              
              
Dr.Khron (
yellow | 42 APM | 868 actions | 20:47)
              
 5 Archmage 
 3 Summon Water Elemental
 2 Brilliance Aura
 
                » actions 
                
                | Assign group hotkey | 23 |  | 
| Basic commands | 47 |  | 
| Build / train | 74 |  | 
| ESC pressed | 12 |  | 
| Enter build submenu | 34 |  | 
| Enter hero's abilities submenu | 6 |  | 
| Right click | 225 |  | 
| Select / deselect | 234 |  | 
| Select group hotkey | 124 |  | 
| Use ability | 89 |  | 
                868 total
 » units 
                
                | Peasant | 30 |  | 
| Footman | 9 |  | 
| Gryphon Rider | 6 |  | 
| Dragonhawk Rider | 2 |  | 
                47 total
 » upgrades
                
                | Defend | 1 |  | 
| Lumber Harvesting | 2 |  | 
| Masonry | 1 |  | 
| Priest Training | 1 |  | 
| Swords | 3 |  | 
| Armor | 2 |  | 
| Storm Hammers | 1 |  | 
| Cloud | 1 |  | 
                12 total
 » buildings
                
                | Farm | 8 |  | 
| Barracks | 1 |  | 
| Altar of Kings | 1 |  | 
| Lumber Mill | 3 |  | 
| Scout Tower | 6 |  | 
| Keep | 1 |  | 
| Town Hall | 2 |  | 
| Guard Tower | 2 |  | 
| Arcane Tower | 2 |  | 
| Arcane Vault | 3 |  | 
| Blacksmith | 1 |  | 
| Castle | 1 |  | 
| Arcane Sanctum | 1 |  | 
| Gryphon Aviary | 3 |  | 
                35 total
 » build order
                00:19 Farm
00:35 Barracks
00:56 Farm
01:06 Altar of Kings
01:17 Farm
01:21 Lumber Mill
01:53 Farm
02:48 Farm
02:50 Farm
05:36 Scout Tower
05:39 Scout Tower
05:39 Scout Tower
05:56 Keep
06:00 Town Hall
06:10 Guard Tower
06:11 Arcane Tower
06:28 Scout Tower
06:28 Scout Tower
06:29 Scout Tower
06:55 Guard Tower
06:57 Arcane Tower
07:36 Arcane Vault
08:11 Town Hall
08:18 Lumber Mill
08:23 Arcane Vault
08:33 Lumber Mill
09:03 Blacksmith
10:17 Castle
10:21 Arcane Sanctum
11:36 Gryphon Aviary
12:30 Gryphon Aviary
12:33 Gryphon Aviary
13:11 Farm
13:12 Farm
17:08 Arcane Vault
» items
                
                | Scroll of Town Portal | 1 |  | 
| Potion of Healing | 1 |  | 
| Orb of Fire | 1 |  | 
                3 total
  
               team 2 (loser) 
              
              
dragon_of_fire (
orange | 52 APM | 1081 actions | 20:42)
              
 2 Tauren Chieftain 
 1 Shockwave
 1 Endurance Aura
 
                » actions 
                
                | Basic commands | 1 |  | 
| Build / train | 20 |  | 
| Enter build submenu | 15 |  | 
| Enter hero's abilities submenu | 2 |  | 
| Remove unit from queue | 1 |  | 
| Right click | 710 |  | 
| Select / deselect | 293 |  | 
| Use ability | 39 |  | 
                1081 total
 » units 
                » buildings
                
                | Altar of Storms | 1 |  | 
| Orc Burrow | 5 |  | 
| Barracks | 2 |  | 
| Voodoo Lounge | 1 |  | 
| Stronghold | 1 |  | 
| War Mill | 3 |  | 
| Spirit Lodge | 1 |  | 
| Watch Tower | 3 |  | 
                17 total
 » build order
                00:04 Altar of Storms
00:05 Orc Burrow
00:57 Barracks
01:23 Orc Burrow
02:02 Voodoo Lounge
03:19 Stronghold
03:55 Orc Burrow
04:52 War Mill
07:12 Spirit Lodge
08:03 Watch Tower
08:05 Watch Tower
08:08 Watch Tower
14:01 Barracks
14:08 War Mill
14:39 War Mill
14:46 Orc Burrow
15:35 Orc Burrow
» items
                
                | Healing Salve | 1 |  | 
| Scroll of Speed | 1 |  | 
                2 total
  
               
              
              
Flame_rider2 (
purple | 37 APM | 759 actions | 20:37)
              
 2 Crypt Lord 
 1 Impale
 1 Spiked Carapace
 
                » actions 
                
                | Assign group hotkey | 1 |  | 
| Basic commands | 10 |  | 
| Build / train | 55 |  | 
| Enter build submenu | 18 |  | 
| Enter hero's abilities submenu | 2 |  | 
| Remove unit from queue | 1 |  | 
| Right click | 389 |  | 
| Select / deselect | 222 |  | 
| Use ability | 61 |  | 
                759 total
 » units 
                
                | Acolyte | 9 |  | 
| Ghoul | 8 |  | 
| Crypt Fiend | 10 |  | 
| Obsidian Statue | 2 |  | 
| Frost Wyrm | 3 |  | 
| Abomination | 1 |  | 
                33 total
 » upgrades
                
                | Creature Attack | 2 |  | 
| Creature Carapace | 1 |  | 
| Web | 1 |  | 
                4 total
 » buildings
                
                | Ziggurat | 12 |  | 
| Altar of Darkness | 1 |  | 
| Crypt | 1 |  | 
| Graveyard | 1 |  | 
| Nerubian Tower | 2 |  | 
| Halls of the Dead | 1 |  | 
| Spirit Tower | 6 |  | 
| Sacrificial Pit | 1 |  | 
| Slaughterhouse | 1 |  | 
| Tomb of Relics | 1 |  | 
| Black Citadel | 2 |  | 
| Boneyard | 2 |  | 
                31 total
 » build order
                00:07 Ziggurat
00:08 Altar of Darkness
00:37 Crypt
01:00 Graveyard
02:52 Nerubian Tower
03:17 Ziggurat
03:57 Ziggurat
03:58 Ziggurat
04:00 Ziggurat
04:01 Halls of the Dead
07:48 Ziggurat
07:52 Ziggurat
07:54 Ziggurat
09:21 Spirit Tower
09:23 Spirit Tower
09:24 Spirit Tower
09:27 Nerubian Tower
09:32 Spirit Tower
09:37 Spirit Tower
09:59 Spirit Tower
10:56 Sacrificial Pit
11:14 Slaughterhouse
12:21 Tomb of Relics
13:30 Black Citadel
13:30 Black Citadel
15:59 Boneyard
16:07 Boneyard
18:54 Ziggurat
18:56 Ziggurat
19:33 Ziggurat
19:34 Ziggurat
» items
                
                | Potion of Healing | 2 |  | 
| Potion of Mana | 1 |  | 
                3 total
  
                Chat log
          
(01:10 / Allies) Dr.Khron: better send two
(02:33 / Allies) Dr.Khron: get making tree
(03:45 / All) Dr.Khron: stop feed
(03:46 / Allies) 1nvincible: u shuda made 2 raxxes
(03:48 / All) Flame_rider2: lo
(03:49 / Allies) Dr.Khron: yes
(04:36 / Allies) Dr.Khron: ready
(06:31 / Allies) 1nvincible: next time u go 2 raxxe
(06:33 / Allies) Dr.Khron: yes
(06:36 / Allies) 1nvincible: for more foots
(07:52 / Allies) Dr.Khron: moive archer
(07:57 / Allies) Dr.Khron: sahred cotnriol
(08:00 / Allies) Dr.Khron: move
(08:40 / Allies) Dr.Khron: for you
(09:35 / Allies) Dr.Khron: do mid
(10:03 / Allies) Dr.Khron: mid
(10:08 / Allies) Dr.Khron: get fouitniant
(12:08 / Allies) Dr.Khron: i need lumber
(13:21 / Allies) Dr.Khron: 100 lumber please
(14:54 / All) Dr.Khron: ooops
(17:34 / Allies) Dr.Khron: they got nothign
(17:49 / Allies) 1nvincible: im, tp
(18:28 / Allies) Dr.Khron: here i coenm
(19:11 / Allies) 1nvincible: no cloud?
(19:14 / Allies) 1nvincible: there we go
(19:18 / Allies) Dr.Khron: wrong hto key
(20:20 / All) Dr.Khron: gg
(20:28 / All) Flame_rider2: noobs
(20:29 / All) Flame_rider2: air
(20:35 / All) Flame_rider2: and tower rush
(20:38 / All) 1nvincible: u lsot to milita...